 Dungeon Crawl Stone Soup version 0.18-a0-853-gfe32976 (webtiles) character file.

449 Proton the Insei (level 7, -8/37 HPs)
             Began as a Vine Stalker Monk on Dec 21, 2015.
             Mangled by an orc warrior
             ... wielding a +0 mace
              (12 damage)
             ... on level 5 of the Dungeon.
             The game lasted 00:04:41 (2856 turns).

Proton the Insei (Vine Stalker Monk)                Turns: 2856, Time: 00:04:41

Health: -8/37      AC: 11    Str: 16    XL:     7   Next: 4%
Magic:  0/8        EV:  8    Int: 10    God:
Gold:   112        SH:  0    Dex: 16    Spells: 0 memorised, 6 levels left

rFire  . . .     SeeInvis .       - Unarmed
rCold  . . .     Gourm    .     d - +0 chain mail
rNeg   . . .     Faith    .     (no shield)
rPois  .         Spirit   +     o - +0 helmet
rElec  .         Dismiss  +     l - +0 cloak
rCorr  .         Reflect  .     (no gloves)
SustAt .         Harm     .     (no boots)
MR     .....                    r - amulet of dismissal
Stlth  ..........               (no ring)
                                (no ring)

@: not resistant to hostile enchantments, extremely unstealthy
A: fangs 2, regeneration 2, magic shield, antimagic bite, no device heal 3, rot
immunity
a: no special abilities


You were on level 5 of the Dungeon.
You were hungry.

You visited 1 branch of the dungeon, and saw 6 of its levels.

You collected 112 gold pieces.

Inventory:

Armour
 d - a +0 chain mail (worn)
 l - a +0 cloak (worn)
 o - a +0 helmet (worn)
Jewellery
 r - an amulet of dismissal (around neck)
Scrolls
 a - 2 scrolls of enchant armour {unknown}
 c - 5 scrolls of identify {unknown}
 e - 2 scrolls of blinking {unknown}
 g - 4 scrolls of remove curse {unknown}
 h - 2 scrolls of teleportation {unknown}
 j - 2 scrolls of magic mapping {unknown}
 k - a scroll of recharging {unknown}
 m - 2 scrolls of random uselessness {unknown}
Potions
 f - 2 potions of heal wounds {unknown}
 i - a potion of agility {unknown}
 n - a potion of resistance {unknown}
 p - a potion of ambrosia {unknown}
 q - a potion of brilliance {unknown}
Comestibles
 b - 3 bread rations


   Skills:
 + Level 3.9 Fighting
 + Level 2.6 Armour
 + Level 3.4 Dodging
 - Level 2.4 Stealth
 * Level 5.8 Unarmed Combat


You had 6 spell levels left.
You didn't know any spells.

Dungeon Overview and Level Annotations

Branches:
Dungeon (6/15)
 Temple: D:4-7

Altars:
Dithmenos
Fedhas
Okawaru

Annotations:
D:4 Proton's ghost, amateur GrFi
D:5 Proton's ghost, amateur VSMo
D:6 Sigmund


Innate Abilities, Weirdness & Mutations

You have extremely sharp teeth.
You heal very quickly.
When hurt, damage is shared between your health and your magic reserves.
Your bite disrupts and absorbs the magic of your enemies.
Potions and wands cannot restore your health.
You are immune to rotting.


Message History

The orc warrior hits you but does no damage.
The orc warrior barely misses you.
Found 17 arrows and 17 gold pieces.
There is a stone staircase leading up here.
The orc shouts!
The orc warrior hits you with a mace!
* * * LOW HITPOINT WARNING * * *
The iguana bites you but does no damage.
You climb upwards.
Level annotation: Proton's ghost, amateur VSMo
There is a stone staircase leading down here.
You hit the iguana but do no damage. You bite the iguana, but do no damage.
The iguana is severely wounded.
The iguana bites you.
* * * LOW HITPOINT WARNING * * *
You punch the iguana!
You kill the iguana!
You have reached level 7!
The orc warrior hits you with a mace!
You die...

.### ## . ##. .. #.. ...
#...# ##.. .... ....#
#... ..... ###....# #.#.
......#####......####.#.
#....@o........##.....
##.#####.......##....#
#....#...(.# #..###
##..>o(.######.....
#..ZW....$.....####
.....Z.............###
.###.#.#.#o#.###.#...#
.o...#o#.#.###.###.#
.#..###l#............


You could see an orc warrior.

Vanquished Creatures
  An orc warrior (D:6)
  A giant frog (D:6)
  An orc wizard (D:3)
  A hound (D:6)
  An iguana (D:5)
  A worker ant (D:6)
  3 gnolls (D:4)
  5 adders
  2 oozes
  6 worms
  6 giant geckos
  8 orcs
  8 bats
  5 giant cockroaches
  4 goblins
  6 hobgoblins
  9 kobolds
  A quokka (D:2)
  4 ball pythons (D:3)
  3 giant newts
  7 rats
83 creatures vanquished.

Notes
Turn   | Place    | Note
--------------------------------------------------------------
     0 | D:1      | Proton the Vine Stalker Monk began the quest for the Orb.
     0 | D:1      | Reached XP level 1. HP: 11/11 MP: 2/2
   250 | D:1      | Reached XP level 2. HP: 5/16 MP: 0/3
   353 | D:1      | Reached skill level 1 in Armour
   620 | D:1      | Reached XP level 3. HP: 19/19 MP: 4/4
   890 | D:2      | Found a shadowy altar of Dithmenos.
  1121 | D:2      | Reached XP level 4. HP: 18/24 MP: 3/5
  1163 | D:2      | Found an iron altar of Okawaru.
  1517 | D:3      | Found a glowing drain.
  1681 | D:3      | Reached XP level 5. HP: 15/28 MP: 6/6
  2087 | D:3      | Reached skill level 5 in Unarmed Combat
  2649 | D:4      | Noticed Proton's ghost (amateur GrFi)
  2691 | D:5      | Entered Level 5 of the Dungeon
  2697 | D:5      | Noticed Proton's ghost (amateur VSMo)
  2741 | D:6      | Noticed an orc warrior
  2754 | D:6      | Gained mutation: You heal very quickly. [Vine Stalker growth]
  2754 | D:6      | Reached XP level 6. HP: 26/32 MP: 5/7
  2824 | D:6      | Found a blossoming altar of Fedhas.
  2825 | D:6      | Noticed Sigmund
  2856 | D:5      | Reached XP level 7. HP: 3/37 MP: 1/8
  2856 | D:5      | Mangled by an orc warrior

Vault maps used:
D:1:      dpeg_arrival_round_a
D:2:      minmay_door_path, lemuel_crystal_altar, okawaru_metal_pillars_1_2,
          minmay_misc_feat_more_columns
D:3:      portal_sewer_entry_b, first_bread, minmay_gold_behind_fungi,
          fountainhead
D:4:      johnstein_pakellas_dig
D:5:      nicolae_ashenzari_panopticon, basic_altar
D:6:      nicolae_overflow_hidden_temple, kennysheep_mini_moat,
          fedhas_altar_fruit_tree, serial_shops, shop, solitary_fountain,
          st_stairs_4, uniq_duvessa, uniq_sigmund, uniq_edmund

Action                   |  1- 3 |  4- 6 |  7- 9 || total
-------------------------+-------+-------+-------++-------
Melee: Unarmed           |   110 |   178 |       ||   288
 Stab: Sleeping          |     6 |     3 |       ||     9
       Distracted        |     1 |       |       ||     1
  Eat: Bread ration      |       |     1 |       ||     1
       Beef jerky        |       |     1 |       ||     1
